 Dungeon Crawl Stone Soup version 0.23-a0-373-g305c090 (webtiles) character file.

7158 JeffiDaFish the Jinx (level 10, -6/44 HPs)
             Began as a Spriggan Enchanter on Oct 25, 2018.
             Was a Believer of Sif Muna.
             Mangled by a death yak (13 damage)
             ... on level 7 of the Dungeon.
             The game lasted 00:41:00 (12109 turns).

JeffiDaFish the Jinx (Spriggan Enchanter)          Turns: 12109, Time: 00:41:01

Health: -6/44      AC:  4    Str:  5    XL:     10   Next: 86%
Magic:  1/26       EV: 21    Int: 19    God:    Sif Muna [**....]
Gold:   432        SH:  0    Dex: 17    Spells: 23/32 levels left

rFire    + . .     SeeInvis +   u - +1 rapier
rCold    . . .     Gourm    .   (shield restricted)
rNeg     . . .     Faith    .   f - +0 robe
rPois    .         Spirit   .   (helmet restricted)
rElec    .         Reflect  .   j - +1 cloak
rCorr    .         Harm     .   (gloves unavailable)
MR       ++...                  (boots unavailable)
Stlth    +++++.....             (no amulet)
HPRegen  0.14/turn              q - ring of protection from magic
MPRegen  0.20/turn              (no ring)

@: drained, divine energy, very quick
A: very small, unfitting armour, talons 1, see invisible, fire resistance 1,
herbivore, speed 3, slow metabolism 2
a: Stop Divine Energy, Renounce Religion


You were on level 7 of the Dungeon.
You worshipped Sif Muna.
Sif Muna was pleased with you.
You were not hungry.

You visited 2 branches of the dungeon, and saw 9 of its levels.

You collected 432 gold pieces.

Inventory:

Hand Weapons
 g - a +0 blowgun
 u - a +1 rapier (weapon)
Missiles
 h - 4 poisoned needles (quivered)
Armour
 f - a +0 robe (worn)
 j - a +1 cloak (worn)
Jewellery
 q - a ring of protection from magic (left hand)
Wands
 m - a wand of flame (19)
 w - a wand of paralysis (19)
 x - a wand of clouds (7)
Scrolls
 b - 2 scrolls of teleportation
 e - 9 scrolls of identify
 i - a scroll of remove curse
 l - 2 scrolls of amnesia
 n - a scroll of blinking
 r - 2 scrolls of fog
 t - a scroll of vulnerability {unknown}
Potions
 a - a potion of brilliance
 c - 2 potions of mutation
 k - 2 potions of agility
 o - 2 potions of curing
 p - 2 potions of magic
 s - 2 potions of might
 v - a potion of haste
 z - a potion of heal wounds
Comestibles
 d - 8 rations


   Skills:
 + Level 4.1(3.9) Short Blades
 + Level 6.1(5.8) Dodging
 + Level 11.5(11.2) Stealth
 * Level 11.9(11.6) Spellcasting
 + Level 1.4(1.2) Conjurations
 * Level 12.1(11.8) Hexes


You had 23 spell levels left.
You knew the following spells:

 Your Spells              Type           Power        Failure   Level  Hunger
a - Corona                Hex            ######.      1%          1    None
b - Ensorcelled Hibernat  Hex/Ice        ####..       1%          2    None
c - Dazzling Spray        Conj/Hex       #####.       1%          3    None
d - Confuse               Hex            ######..     1%          3    None

Your spell library contained the following spells:

 Spells                   Type           Power        Failure   Level  Hunger
 Tukima's Dance           Hex            ######..     1%          3    None


Dungeon Overview and Level Annotations

Branches:
Dungeon (8/15)             Temple (1/1) D:6            Lair (0/6) D:8

Altars:
Ashenzari
Cheibriados
Dithmenos
Elyvilon
Fedhas
Gozag
Hepliaklqana
Kikubaaqudgha
Makhleb
Nemelex Xobeh
Okawaru
Qazlal
Ru
Sif Muna
Trog
Uskayaw
Vehumet
Wu Jian
Xom
Yredelemnul
Zin
The Shining One

Shops:
D:4 [

Annotations:
D:5 3 runed doors, Nelgraf's ghost, novice GrEE


Innate Abilities, Weirdness & Mutations

You are very small and have problems with some larger weapons.
You are too small for most types of armour.
You have supernaturally acute eyesight. (SInv)
You are a herbivore.
You cover ground extremely quickly.
You need to consume almost no food.
You have sharp toenails.
Your flesh is heat resistant. (rF+)


Message History

Confirm with . or Enter, or press ? or * to list all spells.
Aiming: Dazzling Spray (safe; 1% risk of failure)
Press: ? - help, Shift-Dir - straight line, f/p - death yak
Aim: a death yak The spray of energy hits the death yak.
The death yak is dazzled.
Sif Muna grants you divine energy.
You briefly lose access to your magic!
The death yak barely misses you.
You barely miss the death yak. The death yak completely misses you.
You hit the death yak but do no damage.
You claw the death yak, but do no damage.
You regain access to your magic.
The death yak is no longer blind.
The death yak gores you!!
Ouch! That really hurt!
* * * LOW HITPOINT WARNING * * *
You hit the death yak.
You claw the death yak, but do no damage.
The death yak is lightly wounded.
The death yak gores you!
You die...

####### ###.#..###.#.##
#.....####...#...##.#.##
#..........#####....#.##
#..##.####>..#...####.##
#.........##.#........##
#.....###.##...#########
#..##.# #.####+## #
#.....###.###...## #
##....Y@..##.....## #
#........#.......## ##
#.)<.##.#.........####.
#..[....'.........'....
#....##.#.........####.
#....[..##.......## ##
###.#######.....## # #.#
##...## #.# ##'##


You could see a death yak.

Vanquished Creatures
  Harold (D:7)
  Erica (D:8)
  A two-headed ogre (D:6)
  Pikel (D:6)
  Grinder (D:3)
  2 hippogriffs
  Eustachio (D:6)
  3 hungry ghosts
  Grum (D:8)
  3 orc warriors
  An ice beast (D:5)
  2 sky beasts
  A slave (D:6)
  A black bear (D:7)
  A phantom (D:6)
  A centaur (D:8)
  2 ogres
  2 wolves (D:8)
  9 bullfrogs
  A gnoll sergeant (D:7)
  4 scorpions
  4 howler monkeys
  3 crimson imps (D:6)
  3 jellies
  6 hounds
  A centaur zombie (D:6)
  A centaur skeleton (D:7)
  4 orc priests
  10 orc wizards
  2 iguanas
  3 hell rats (D:8)
  5 worker ants
  2 hound skeletons
  A howler monkey zombie (D:7)
  A howler monkey skeleton (D:8)
  A worker ant zombie (D:5)
  5 gnolls (D:7)
  10 adders
  A river rat (D:8)
  A shadow imp (D:6)
  12 oozes
  An adder zombie (D:6)
  An adder skeleton (D:4)
  4 worms
  2 dart slugs
  6 leopard geckos
  20 orcs
  6 bats
  4 giant cockroaches
  10 goblins
  11 hobgoblins
  19 jackals
  3 quokkas
  A ball python (D:1)
  A ball python skeleton (D:5)
  6 frilled lizards
  10 kobolds
  A leopard gecko skeleton (D:8)
  A quokka skeleton (D:6)
  5 rats
  A spectral orc (D:4)
229 creatures vanquished.

Vanquished Creatures (others)
  A slave (D:6)
  3 fungi (D:3)
  9 toadstools (D:3)
13 creatures vanquished.

Grand Total: 242 creatures vanquished

Notes
Turn   | Place    | Note
-------+----------+-------------------------------------------
     0 | D:1      | JeffiDaFish the Spriggan Enchanter began the quest for the
                  | Orb.
     0 | D:1      | Reached XP level 1. HP: 9/9 MP: 5/5
    97 | D:1      | Gained mutation: Your flesh is heat resistant. (rF+)
                  | [potion of mutation]
    97 | D:1      | Gained mutation: You have sharp toenails. [potion of
                  | mutation]
   379 | D:1      | Reached XP level 2. HP: 6/13 MP: 4/6
   426 | D:1      | Learned a level 2 spell: Ensorcelled Hibernation
   788 | D:1      | Reached skill level 4 in Hexes
  1416 | D:2      | Reached XP level 3. HP: 5/16 MP: 1/8
  2170 | D:2      | Learned a level 3 spell: Dazzling Spray
  2354 | D:2      | Reached skill level 5 in Stealth
  2413 | D:2      | Reached XP level 4. HP: 21/21 MP: 6/10
  3093 | D:3      | Learned a level 3 spell: Confuse
  3575 | D:3      | Reached XP level 5. HP: 12/24 MP: 0/12
  3959 | D:3      | Noticed Grinder
  4290 | D:3      | Killed Grinder
  4290 | D:3      | Reached skill level 5 in Hexes
  4290 | D:3      | Reached XP level 6. HP: 23/28 MP: 5/14
  4496 | D:3      | Reached skill level 5 in Spellcasting
  5610 | D:4      | Found a blossoming altar of Fedhas.
  5624 | D:4      | Reached skill level 6 in Hexes
  5624 | D:4      | Reached XP level 7. HP: 32/32 MP: 16/16
  5626 | D:4      | Found Aloemoy's Antique Armour Shop.
  5643 | D:4      | Reached skill level 5 in Dodging
  5717 | D:4      | Found a basalt altar of Yredelemnul.
  6173 | D:5      | Entered Level 5 of the Dungeon
  6714 | D:4      | Reached skill level 7 in Hexes
  7056 | D:5      | Reached XP level 8. HP: 27/36 MP: 9/19
  7133 | D:5      | Noticed Nelgraf's ghost (novice GrEE)
  7136 | D:5      | Found a runed gate.
  7136 | D:5      | Found a runed gate.
  7136 | D:5      | Found a runed gate.
  8042 | D:6      | Noticed a two-headed ogre
  8056 | D:6      | Reached skill level 8 in Hexes
  8504 | D:6      | Killed a two-headed ogre
  8504 | D:6      | Reached skill level 9 in Hexes
  8504 | D:6      | Reached XP level 9. HP: 11/39 MP: 2/23
  8991 | D:6      | Noticed Pikel
  9167 | D:6      | Found a staircase to the Ecumenical Temple.
  9188 | Temple   | Entered the Ecumenical Temple
  9352 | Temple   | Became a worshipper of Sif Muna the Loreminder
  9433 | D:6      | Reached skill level 10 in Hexes
  9553 | D:6      | Found a white marble altar of Elyvilon.
  9557 | D:6      | Noticed Eustachio
  9577 | D:6      | Killed Pikel
  9577 | D:6      | Reached skill level 10 in Stealth
  9577 | D:6      | Reached skill level 10 in Spellcasting
  9677 | D:6      | Killed Eustachio
  9677 | D:6      | Reached * piety under Sif Muna
  9910 | D:6      | Found a radiant altar of Vehumet.
  9986 | D:7      | Reached XP level 10. HP: 41/44 MP: 19/25
 10083 | D:7      | Reached skill level 11 in Hexes
 10210 | D:7      | Noticed Harold
 10234 | D:7      | Killed Harold
 10382 | D:7      | Reached ** piety under Sif Muna
 10965 | D:8      | Found a sparkling altar of Nemelex Xobeh.
 10992 | D:8      | Noticed Grum
 11010 | D:8      | Killed Grum
 11197 | D:8      | Found a staircase to the Lair.
 11200 | D:8      | Noticed a death yak
 11201 | D:8      | Noticed a death yak
 11254 | D:8      | Noticed a death yak
 11440 | D:8      | Noticed Erica
 11450 | D:8      | Killed Erica
 11450 | D:8      | Reached skill level 1 in Conjurations
 11450 | D:8      | Reached skill level 12 in Hexes
 12109 | D:7      | Mangled by a death yak

Vault maps used:
D:1:      roderic_crossed_star
D:2:      first_ration
D:3:      cheibrodos_fertilizer, uniq_grinder
D:4:      old_standard_altar, yredelemnul_forgotten_temple_becter, serial_shops,
          nicolae_shop_stone, hex_medium
D:5:      gammafunk_ghost_necromancy
D:6:      hangedman_cross_stitches, lemuel_crystal_altar, kennysheep_little_box,
          minmay_temple_entry_glass, uniq_eustachio, uniq_pikel
D:7:      black_bear_nest_1, uniq_harold
D:8:      dpeg_lair_monsters, basic_altar, uniq_grum, uniq_erica
Temple:   dpeg_five_rooms_temple

Skill      XL: |  1  2  3  4  5  6  7  8  9 10 |
---------------+-------------------------------+-----
Spellcasting   | 3 4 5 6 9 10 11 | 11.9
Hexes          | 4 5 6 7 9 10 12 | 12.1
Stealth        | 5 6 7 9 10 11 | 11.5
Short Blades   | 2 3 4 |  4.1
Dodging        | 4 5 6 |  6.1
Conjurations   | 1 |  1.4

Action                   |  1- 3 |  4- 6 |  7- 9 | 10-12 || total
-------------------------+-------+-------+-------+-------++-------
Melee: Dagger            |   136 |   188 |   204 |     7 ||   535
       Kick              |    22 |    38 |    41 |    18 ||   119
       Rapier            |       |       |       |    98 ||    98
 Fire: Blowgun           |       |     3 |       |       ||     3
 Cast: Corona            |    17 |    10 |       |     2 ||    29
       Ensorcelled Hiber |    29 |    62 |    88 |    38 ||   217
       Dazzling Spray    |       |     8 |    19 |    24 ||    51
       Confuse           |       |     7 |    26 |    14 ||    47
Invok: Divine Energy     |       |       |     1 |       ||     1
Evoke: Wand              |       |       |     3 |       ||     3
  Use: Potion            |     3 |     3 |     5 |     3 ||    14
       Scroll            |     6 |     4 |     3 |     1 ||    14
 Stab: Sleeping          |    22 |    28 |    48 |    30 ||   128
       Invisible         |       |     2 |     2 |     4 ||     8
       Confused          |       |     2 |    16 |    11 ||    29
       Distracted        |       |       |     2 |     1 ||     3
  Eat: Ration            |       |     3 |     2 |     2 ||     7
Armor: Robe              |     6 |    10 |    17 |     6 ||    39
Dodge: Dodged            |   123 |   177 |   138 |    71 ||   509

Table legend:
 A = Non-vault XP
 B = Vault XP
 C = Vault XP percentage of total XP
 D = Non-vault monster count
 E = Vault monster count
 F = Vault count percentage of total count
                 A         B        C        D         E       F
            +---------+---------+-------+---------+---------+-------
      Total |    5227 |    4999 |  48.9 |     187 |      41 |  18.0
            +---------+---------+-------+---------+---------+-------
        D:1 |      34 |       0 |   0.0 |      20 |       0 |   0.0
        D:2 |      84 |       0 |   0.0 |      30 |       0 |   0.0
        D:3 |     133 |     417 |  75.8 |      23 |      18 |  43.9
        D:4 |     629 |       1 |   0.2 |      26 |       1 |   3.7
        D:5 |     562 |       0 |   0.0 |      15 |       0 |   0.0
        D:6 |    1500 |    2109 |  58.4 |      28 |       8 |  22.2
        D:7 |    1483 |     983 |  39.9 |      29 |       2 |   6.5
        D:8 |     802 |    1489 |  65.0 |      16 |      12 |  42.9
            +---------+---------+-------+---------+---------+-------
